General information
- name: BNet
- type: Ladder team game (AT/RT)
- host: Battle.net
- saver: DanielCormier
map: GolemsInTheMist_LV
- players: 8
- length: 12:01
- speed: Fast
- version: 1.30 W3XP
- replay type: Public
» download(124 KB)
Players
team 1 (winner)
Yxes (
teal | 62 APM | 742 actions | 12:01)
5 Priestess of the Moon
3 Trueshot Aura
2 Scout
» actions
| Assign group hotkey | 15 | |
| Basic commands | 17 | |
| Build / train | 45 | |
| Enter build submenu | 13 | |
| Enter hero's abilities submenu | 5 | |
| Right click | 325 | |
| Select / deselect | 159 | |
| Select group hotkey | 139 | |
| Use ability | 24 | |
742 total
» units
| Wisp | 13 | |
| Archer | 10 | |
| Glaive Thrower | 10 | |
33 total
» upgrades
| Strength of the Moon | 2 | |
| Vorpal Blades | 2 | |
| Improved Bows | 1 | |
5 total
» buildings
| Altar of Elders | 1 | |
| Moon Well | 6 | |
| Ancient of War | 2 | |
| Tree of Life | 1 | |
| Tree of Ages | 1 | |
| Hunter's Hall | 1 | |
12 total
» build order
00:33 Altar of Elders
00:48 Moon Well
01:19 Ancient of War
01:27 Moon Well
02:00 Ancient of War
02:18 Moon Well
04:33 Tree of Life
06:00 Tree of Ages
06:03 Hunter's Hall
08:21 Moon Well
09:12 Moon Well
09:13 Moon Well
DanielCormier (
yellow | 157 APM | 1891 actions | 12:01)
4 Far Seer
2 Feral Spirit
2 Chain Lighting
3 Shadow Hunter
2 Hex
1 Healing Wave
» actions
| Assign group hotkey | 35 | |
| Basic commands | 194 | |
| Build / train | 43 | |
| ESC pressed | 1 | |
| Enter build submenu | 12 | |
| Enter hero's abilities submenu | 8 | |
| Remove unit from queue | 1 | |
| Right click | 819 | |
| Select / deselect | 444 | |
| Select group hotkey | 295 | |
| Use ability | 39 | |
1891 total
» units
| Peon | 8 | |
| Troll Headhunter/Berserker | 11 | |
| Wind Rider | 7 | |
26 total
» upgrades
| Ranged Weapons | 2 | |
| Envenomed Spears | 1 | |
3 total
» buildings
| Altar of Storms | 1 | |
| Orc Burrow | 4 | |
| War Mill | 1 | |
| Barracks | 1 | |
| Voodoo Lounge | 1 | |
| Stronghold | 2 | |
| Beastiary | 2 | |
| Fortress | 2 | |
14 total
» build order
00:05 Altar of Storms
00:07 Orc Burrow
00:24 War Mill
01:23 Barracks
01:47 Orc Burrow
03:13 Voodoo Lounge
03:39 Stronghold
03:39 Stronghold
04:40 Orc Burrow
06:38 Beastiary
06:40 Beastiary
07:01 Orc Burrow
08:36 Fortress
08:36 Fortress
KingStannis (
green | 52 APM | 626 actions | 12:01)
4 Keeper of the Grove
2 Force of Nature
2 Entangling Roots
» actions
| Assign group hotkey | 31 | |
| Basic commands | 83 | |
| Build / train | 44 | |
| Enter build submenu | 9 | |
| Enter hero's abilities submenu | 5 | |
| Remove unit from queue | 6 | |
| Right click | 202 | |
| Select / deselect | 196 | |
| Select group hotkey | 13 | |
| Use ability | 37 | |
626 total
» units
| Wisp | 13 | |
| Huntress | 8 | |
| Glaive Thrower | 5 | |
26 total
» upgrades
| Ultravision | 1 | |
| Strength of the Moon | 2 | |
| Vorpal Blades | 1 | |
4 total
» buildings
| Moon Well | 4 | |
| Altar of Elders | 1 | |
| Hunter's Hall | 1 | |
| Ancient of War | 2 | |
| Tree of Ages | 1 | |
| Tree of Life | 1 | |
| Tree of Eternity | 1 | |
11 total
» build order
00:07 Moon Well
00:18 Altar of Elders
01:48 Hunter's Hall
01:55 Ancient of War
01:59 Ancient of War
02:07 Moon Well
02:39 Moon Well
05:11 Tree of Ages
07:43 Moon Well
08:54 Tree of Life
11:41 Tree of Eternity
hungewangg (
orange | 66 APM | 793 actions | 12:01)
4 Priestess of the Moon
2 Trueshot Aura
2 Searing Arrows
» actions
| Assign group hotkey | 12 | |
| Basic commands | 3 | |
| Build / train | 38 | |
| Enter build submenu | 16 | |
| Enter hero's abilities submenu | 4 | |
| Right click | 481 | |
| Select / deselect | 179 | |
| Select group hotkey | 37 | |
| Use ability | 23 | |
793 total
» units
| Wisp | 14 | |
| Archer | 4 | |
| Huntress | 2 | |
| Dryad | 7 | |
27 total
» upgrades
| Strength of the Wild | 2 | |
| Reinforced Hides | 2 | |
4 total
» buildings
| Altar of Elders | 1 | |
| Moon Well | 7 | |
| Ancient of War | 1 | |
| Ancient of Wonders | 1 | |
| Tree of Ages | 1 | |
| Hunter's Hall | 2 | |
| Ancient of Lore | 2 | |
| Tree of Eternity | 1 | |
16 total
» build order
00:07 Altar of Elders
00:11 Moon Well
00:36 Ancient of War
01:29 Moon Well
01:33 Moon Well
02:14 Ancient of Wonders
02:33 Moon Well
03:28 Tree of Ages
03:42 Hunter's Hall
03:48 Hunter's Hall
04:38 Moon Well
04:49 Moon Well
05:50 Ancient of Lore
05:54 Ancient of Lore
09:06 Moon Well
11:00 Tree of Eternity
team 2 (loser)

»
Retardelf (
red | 82 APM | 987 actions | 12:00)
4 Blood Mage
2 Flame Strike
2 Siphon Mana
» actions
| Assign group hotkey | 18 | |
| Basic commands | 38 | |
| Build / train | 55 | |
| Enter build submenu | 25 | |
| Enter hero's abilities submenu | 4 | |
| Right click | 314 | |
| Select / deselect | 219 | |
| Select group hotkey | 260 | |
| Use ability | 54 | |
987 total
» units
| Peasant | 21 | |
| Rifleman | 10 | |
| Wisp | 2 | |
| Mortar Team | 2 | |
35 total
» upgrades
» buildings
| Altar of Kings | 1 | |
| Farm | 8 | |
| Blacksmith | 1 | |
| Barracks | 2 | |
| Town Hall | 1 | |
| Lumber Mill | 1 | |
| Arcane Vault | 1 | |
| Scout Tower | 3 | |
| Keep | 1 | |
| Guard Tower | 3 | |
| Ancient Protector | 3 | |
| Arcane Sanctum | 1 | |
| Workshop | 1 | |
27 total
» build order
00:28 Altar of Kings
00:37 Farm
01:58 Blacksmith
02:02 Barracks
02:07 Farm
03:38 Town Hall
03:50 Farm
03:52 Farm
03:59 Lumber Mill
05:06 Barracks
05:20 Arcane Vault
06:03 Scout Tower
06:05 Keep
06:47 Guard Tower
06:51 Farm
06:53 Farm
07:06 Scout Tower
07:09 Scout Tower
07:42 Guard Tower
07:51 Ancient Protector
07:54 Ancient Protector
07:58 Ancient Protector
08:01 Guard Tower
08:11 Farm
08:13 Farm
08:35 Arcane Sanctum
08:38 Workshop
» items
| Healing Salve | 1 | |
| Lesser Clarity Potion | 1 | |
| Potion of Healing | 4 | |
| Scroll of Town Portal | 1 | |
| Potion of Mana | 2 | |
| Scroll of Regeneration | 1 | |
10 total
bpbirth. (
purple | 10 APM | 69 actions | 06:52)
» actions
| Build / train | 12 | |
| ESC pressed | 2 | |
| Enter build submenu | 4 | |
| Right click | 23 | |
| Select / deselect | 23 | |
| Use ability | 5 | |
69 total
» units
» buildings
| Altar of Elders | 1 | |
| Moon Well | 1 | |
| Hunter's Hall | 1 | |
3 total
» build order
01:17 Altar of Elders
01:18 Moon Well
01:28 Hunter's Hall
JaguaR- (
blue | 66 APM | 688 actions | 10:23)
1 Tauren Chieftain
1 Endurance Aura
1 Priestess of the Moon
1 Trueshot Aura
» actions
| Assign group hotkey | 19 | |
| Basic commands | 53 | |
| Build / train | 28 | |
| ESC pressed | 1 | |
| Enter build submenu | 14 | |
| Enter hero's abilities submenu | 2 | |
| Right click | 301 | |
| Select / deselect | 139 | |
| Select group hotkey | 96 | |
| Use ability | 35 | |
688 total
» units
| Peon | 10 | |
| Troll Headhunter/Berserker | 9 | |
19 total
» buildings
| Orc Burrow | 8 | |
| Altar of Storms | 1 | |
| War Mill | 1 | |
| Barracks | 2 | |
| Voodoo Lounge | 1 | |
| Watch Tower | 7 | |
| Stronghold | 2 | |
| Tree of Ages | 1 | |
| Moon Well | 2 | |
| Tree of Eternity | 2 | |
| Ancient of Wind | 1 | |
28 total
» build order
00:31 Orc Burrow
00:59 Altar of Storms
02:05 War Mill
02:19 Barracks
02:20 Barracks
02:23 Orc Burrow
02:26 Orc Burrow
02:27 Orc Burrow
02:29 Voodoo Lounge
03:21 Orc Burrow
03:22 Orc Burrow
03:41 Watch Tower
03:42 Watch Tower
03:42 Watch Tower
03:43 Watch Tower
03:44 Watch Tower
03:45 Watch Tower
03:46 Watch Tower
04:53 Stronghold
04:53 Stronghold
07:54 Tree of Ages
08:01 Moon Well
08:01 Moon Well
08:32 Orc Burrow
08:48 Orc Burrow
08:55 Tree of Eternity
08:55 Tree of Eternity
09:02 Ancient of Wind
DezmondPerm (
pink | 33 APM | 253 actions | 07:33)
2 Demon Hunter
1 Mana Burn
1 Evasion
» actions
| Assign group hotkey | 1 | |
| Basic commands | 17 | |
| Build / train | 23 | |
| Enter build submenu | 7 | |
| Enter hero's abilities submenu | 2 | |
| Right click | 133 | |
| Select / deselect | 55 | |
| Select group hotkey | 2 | |
| Use ability | 13 | |
253 total
» units
| Wisp | 8 | |
| Archer | 8 | |
| Goblin Shredder | 1 | |
| Huntress | 2 | |
19 total
» buildings
| Moon Well | 4 | |
| Altar of Elders | 1 | |
| Ancient of War | 2 | |
| Tree of Ages | 1 | |
| Hunter's Hall | 1 | |
| Ancient of Wonders | 1 | |
10 total
» build order
00:11 Moon Well
00:15 Altar of Elders
00:40 Ancient of War
01:57 Moon Well
01:58 Moon Well
02:00 Moon Well
03:46 Tree of Ages
04:36 Hunter's Hall
04:42 Ancient of Wonders
06:56 Ancient of War
Chat log
(00:32 / All) KingStannis: any1 know why i cant see my buildings why they are building?
(00:37 / All) DanielCormier: blizzard sux
(00:38 / All) Yxes: its a bug
(00:44 / All) KingStannis: every1 have it?
(00:50 / Allies) Yxes: no
(00:53 / All) Yxes: no
(00:56 / Allies) KingStannis: rush?
(00:57 / All) Yxes: yuill ned to restart client
(00:58 / Allies) KingStannis: 3 NE
(01:07 / All) KingStannis: like reinstall?
(01:07 / Allies) Yxes: sure
(01:12 / Allies) KingStannis: i got kotg
(01:13 / All) Yxes: exit then come back
(01:13 / Allies) KingStannis: hunts
(03:01 / All) KingStannis: has game been more active since they announced reforged?
(03:08 / Allies) DanielCormier: no no one cares about wc3 ladder
(03:09 / All) Yxes: definitely
(03:23 / Allies) DanielCormier: reforged is just a vehicle
(03:26 / Allies) DanielCormier: for custom map monetization
(03:42 / Allies) Yxes: meet?
(03:46 / Allies) KingStannis: yes
(04:54 / Allies) KingStannis: dont fight towers
(07:08 / All) Yxes: gg
(11:46 / Allies) KingStannis: wood plz